 Dungeon Crawl Stone Soup version 0.24.1-11-gbbbb2193e6 (webtiles) character file.

Game seed: 11178640427022057651, levelgen mode: deterministic

21 RaHiT the Ducker (level 2, 0/16 HPs)
             Began as a Spriggan Berserker on May 14, 2020.
             Was a Follower of Trog.
             Slain by a leopard gecko (3 damage)
             ... on level 1 of the Dungeon.
             The game lasted 00:03:08 (520 turns).

RaHiT the Ducker (Spriggan Berserker)                Turns: 520, Time: 00:03:08

Health: 0/16       AC:  2    Str: 13    XL:     2   Next: 65%
Magic:  3/3        EV: 20    Int: 10    God:    Trog [*.....]
Gold:   18         SH:  0    Dex: 15    Spells: 1/1 levels left

rFire    . . .     SeeInvis +   a - +0 spear
rCold    . . .     Gourm    .   (shield restricted)
rNeg     . . .     Faith    .   b - +0 animal skin
rPois    .         Spirit   .   (helmet restricted)
rElec    .         Reflect  .   (no cloak)
rCorr    .         Harm     .   (gloves unavailable)
MR       .....                  (boots unavailable)
Stlth    +.........             (no amulet)
HPRegen  0.05/turn              e - +2 ring of intelligence
MPRegen  0.08/turn              (no ring)

@: very quick
A: very small, unfitting armour, see invisible, herbivore, speed 3, slow
metabolism 2
a: Berserk, Renounce Religion


You were on level 1 of the Dungeon.
You worshipped Trog.
Trog was aware of your devotion.
You were not hungry.

You visited 1 branch of the dungeon, and saw 1 of its levels.

You collected 18 gold pieces.

Inventory:

Hand Weapons
 a - a +0 spear (weapon)
Missiles
 f - 21 arrows
 h - 15 stones (quivered)
Armour
 b - a +0 animal skin (worn)
Jewellery
 e - a +2 ring of intelligence (left hand)
Scrolls
 d - a scroll of enchant weapon {unknown}
 g - a scroll of fear {unknown}
Comestibles
 c - 2 rations


   Skills:
 + Level 2.9 Fighting
 - Level 2.1 Polearms
 + Level 5.2 Dodging


You had one spell level left.
You didn't know any spells.
Your spell library was empty.

Dungeon Overview and Level Annotations

Branches:
Dungeon (1/15)

Altars:


Innate Abilities, Weirdness & Mutations

You are very small and have problems with some larger weapons.
You are too small for most types of armour.
You have supernaturally acute eyesight. (SInv)
You are a herbivore.
You cover ground extremely quickly.
You need to consume almost no food.


Message History

You closely miss the leopard gecko. The leopard gecko bites you.
You barely miss the leopard gecko. The leopard gecko bites you.
You miss the leopard gecko.
The leopard gecko bites you but does no damage.
You completely miss the leopard gecko. The leopard gecko bites you.
* * * LOW HITPOINT WARNING * * *
The leopard gecko misses you.
You are too injured to fight recklessly!
Attack whom?
Press: ? - help, Dir - move target cursor, f/p - leopard gecko
Aim: a leopard gecko (clinging)
You reach to attack!
You closely miss the leopard gecko.
Throwing (i - inventory)
h - 16 stones (quivered)
Press: ? - help, Shift-Dir - straight line, f/p - leopard gecko
Aim: a leopard gecko (clinging)
You throw a stone.
The stone closely misses the leopard gecko.
The stone barely misses the leopard gecko.
The leopard gecko bites you.
You die...

......#####.# #........#.(...
##....#.....# #........#.....
##....#.....# #..............
............#####
#.......(......
............#...#
#####..÷....###
............'.#.######.......##
............#.#............#.#
#######.....#.#.######l#####..#
#....#####..#.##@### #.# ##.#
#....+........###ll###.######+##
#....####.######....s...........
#....'..#)# ##.....###......[..
#....####†## #..##.## ##........
...........# #..#..# #........
...........# #.#...# ########+
...........# #.#..##
...........###...##


You could see 2 leopard geckos and a giant cockroach.

Vanquished Creatures
  A dart slug (D:1)
  A leopard gecko (D:1)
  2 giant cockroaches (D:1)
  2 goblins (D:1)
  A hobgoblin (D:1)
  A kobold (D:1)
  4 bats (D:1)
  4 frilled lizards (D:1)
  3 rats (D:1)
19 creatures vanquished.

Notes
Turn   | Place    | Note
-------+----------+-------------------------------------------
     0 | D:1      | RaHiT the Spriggan Berserker began the quest for the Orb.
     0 | D:1      | Reached XP level 1. HP: 11/11 MP: 2/2
   130 | D:1      | Reached XP level 2. HP: 6/16 MP: 3/3
   272 | D:1      | Reached skill level 5 in Dodging
   520 | D:1      | Slain by a leopard gecko

Levels and vault maps discovered:
D:1:      dpeg_arrival_round_c, layout_basic, serial_bayou_pond_b

Skill      XL: |  1  2 |
---------------+-------+-----
Dodging        | 5 |  5.2
Fighting       | |  2.9
Polearms       | |  2.1

Action                   || total
-------------------------++-------
Melee: Spear             ||    62
Throw: Stone             ||    22
 Stab: Sleeping          ||     1
Armor: Animal skin       ||     6
Dodge: Dodged            ||    26
